Map: Ultralove

Players

Mabadi - Winner!

  • Race: Terran Terran
  • League: Grandmaster
  • Spawn Location: 7:00

A.I. 1 (Very Easy)

  • Race: Terran Terran
  • Spawn Location: 1:00

VOD

Have the link to the VOD?

Description

Time

  • Played on: Aug. 15, 2025, 4:47 a.m.
  • Length: 10:32
Show
View Real Time Build Order
Export as new Build Order

Mabadi Terran - Winner!

Build Orders: Gas First Reaper Expand 

Get SALT Encoding   

  12  0:00  SCV  
  13  0:12  SCV  
  14  0:17  Supply Depot  
  14  0:24  SCV  
  15  0:28  Refinery  
  15  0:38  SCV  
  16  0:45  Barracks  
  16  0:50  SCV  
  17  1:02  SCV  
  18  1:14  SCV  
  19  1:32  Reaper, Orbital Command  
  20  1:41  Command Center  
  20  1:51  Factory  
  20  1:57  SCV  
  21  2:01  Supply Depot  
  21  2:07  Reaper  
  22  2:09  SCV  
  23  2:19  Refinery  
  23  2:23  SCV  
  24  2:35  SCV, Hellion  
  27  2:40  Marine  
  27  2:44  Starport  
  28  2:47  SCV  
  29  2:54  Orbital Command  
  29  2:57  Factory Tech Lab  
  29  2:58  Marine  
  30  2:59  SCV  
  31  3:06  Refinery  
  31  3:11  SCV  
  32  3:16  Marine  
  33  3:20  Cyclone  
  33  3:22  SCV  
  33  3:24  Viking  
  39  3:27  SCV  
  40  3:34  Marine, SCV  
  40  3:39  SCV  
  43  3:42  Supply Depot  
  43  3:47  SCV  
  44  3:53  SCV  
  44  3:54  Barracks Reactor  
  45  3:56  Starport Tech Lab  
  45  4:00  SCV  
  46  4:04  Siege Tank  
  46  4:09  SCV  
  50  4:12  SCV  
  50  4:15  Supply Depot  
  50  4:16  Interference Matrix, Raven  
  53  4:22  Command Center, SCV  
  54  4:29  Supply Depot  
  54  4:36  Refinery  
  54  4:37  SCV  
  55  4:40  Barracks x2  
  55  4:44  Siege Tank  
  58  4:49  SCV x2  
  58  4:50  Marine  
  58  4:51  Marine  
  62  4:55  Raven  
  64  5:01  SCV x2  
  66  5:07  Supply Depot x2  
  66  5:12  Marine  
  66  5:13  Marine  
  66  5:14  SCV x2  
  70  5:29  Siege Tank, SCV x2  
  70  5:30  Engineering Bay x2  
  70  5:32  Raven  
  70  5:34  Barracks Tech Lab  
  70  5:35  Barracks Reactor  
  77  5:40  Orbital Command  
  77  5:41  Marine  
  78  5:42  Marine  
  78  5:44  SCV x2  
  81  5:51  Supply Depot  
  81  5:54  Marine  
  81  5:55  Stimpack  
  81  5:56  SCV  
  81  5:57  SCV  
  84  6:03  Siege Tank  
  87  6:09  SCV x2  
  87  6:10  Terran Infantry Weapons Level 1, Terran Infantry Armor Level 1  
  90  6:13  Marine x3  
  90  6:16  Orbital Command  
  90  6:17  Marine, Combat Shield  
  93  6:21  SCV  
  93  6:22  SCV  
  95  6:27  Supply Depot  
  94  6:36  Marine  
  94  6:37  Marine x3  
  94  6:38  Siege Tank, SCV x2  
  103  6:42  Supply Depot  
  103  6:43  Viking x2  
  103  6:45  SCV  
  108  6:48  Refinery  
  108  6:50  SCV  
  108  6:51  Supply Depot  
  108  6:53  SCV  
  110  6:55  Marine  
  110  6:56  Marine x3  
  110  6:57  SCV  
  115  7:02  Barracks  
  115  7:03  Barracks  
  115  7:07  SCV x2  
  115  7:08  Factory  
  117  7:11  Siege Tank  
  117  7:13  SCV  
  121  7:21  Marine x4  
  126  7:22  SCV  
  126  7:23  SCV  
  126  7:25  Refinery, SCV  
  126  7:26  Viking, Supply Depot  
  130  7:36  Viking  
  132  7:37  SCV  
  132  7:40  Supply Depot  
  132  7:42  Supply Depot  
  132  7:43  Armory  
  133  7:47  Siege Tank, SCV x2  
  133  7:48  Marine  
  133  7:49  Marine, Barracks Reactor  
  133  7:50  Barracks Reactor, SCV  
  141  7:52  Barracks Reactor  
  141  7:53  Supply Depot  
  141  7:54  Barracks Reactor  
  141  8:02  SCV, Viking  
  141  8:03  SCV  
  145  8:09  Marine x2, Viking, Supply Depot x2  
  145  8:11  SCV  
  150  8:16  Missile Turret  
  150  8:17  Missile Turret  
  150  8:20  Siege Tank  
  150  8:22  Command Center  
  150  8:23  Siege Tank  
  156  8:30  Starport  
  157  8:34  SCV x3  
  157  8:40  Missile Turret  
  159  8:44  Missile Turret  
  159  8:46  Marine x4, Missile Turret  
  159  8:47  Marine x4  
  159  8:48  Marine  
  168  8:49  Marine  
  168  8:53  Medivac  
  168  8:54  Medivac  
  173  8:58  SCV  
  173  8:59  SCV x2  
  176  9:08  Marine x5  
  181  9:11  Supply Depot  
  181  9:12  Supply Depot  
  181  9:21  Marine x5, Siege Tank  
  181  9:23  Starport Reactor, Refinery x2  
  189  9:24  Starport  
  189  9:31  Factory  
  189  9:33  Siege Tank, Medivac x2  
  196  9:39  Sensor Tower  
  196  9:44  Marine x4  
  200  9:47  Sensor Tower  
  200  9:59  Supply Depot x2  
  197  10:31  Missile Turret x2  
Show
View Real Time Build Order
Export as new Build Order

A.I. 1 (Very Easy) Terran 

Build Orders:  

Get SALT Encoding   

  12  0:00  SCV  
  13  0:13  SCV  
  14  0:18  Supply Depot  
  14  0:37  Refinery  
  14  0:42  Barracks  
  14  1:03  Supply Depot  
  14  1:12  Refinery  
  14  1:28  SCV  
  14  1:29  Marine  
  16  1:41  SCV  
  17  1:53  SCV  
  18  2:02  Marine  
  18  2:05  SCV  
  20  2:17  SCV  
  21  2:29  SCV  
  22  2:34  Marine  
  23  2:42  Orbital Command  
  23  3:28  Marine  
  23  3:31  Supply Depot  
  21  3:57  Marine  
  22  4:26  Marine  
  23  5:48  Marine, SCV  
  25  5:51  Factory  
  25  6:00  SCV  
  26  6:04  Supply Depot  
  26  6:12  SCV  
  27  6:22  Barracks Tech Lab  
  27  6:24  SCV  
  25  6:36  SCV  
  25  6:37  Starport  
  26  6:40  Marauder  
  26  6:43  Command Center  
  28  6:48  SCV  
  29  7:13  Marine  
  29  7:14  Starport Tech Lab  
  30  7:32  Raven  
  32  7:47  Marine  
  33  7:56  SCV  
  34  8:03  Refinery, SCV  
  34  8:05  Refinery  
  35  8:06  Raven  
  35  8:10  SCV  
  38  8:17  SCV  
  39  8:20  Marine  
  39  8:24  SCV  
  41  8:31  SCV  
  42  8:39  SCV  
  43  8:46  SCV  
  44  8:53  SCV  
  45  9:00  SCV  
  46  9:07  SCV  
  47  9:14  SCV  
  48  9:21  SCV  
  49  9:29  SCV  
  50  10:01  Marine  
  50  10:05  Supply Depot  
  50  10:06  SCV  
Tags
 
Add a new tag
Caveats
  • Supply blocks, unpowered buildings, or Contaminate may cause inaccurate times.
  • Supply counts are checked every 10 seconds.